 Dungeon Crawl Stone Soup version 0.19.5 (webtiles) character file.

61 snowfan the Magician (level 3, 0/19 HPs)
             Began as a Deep Elf Wizard on May 13, 2017.
             Shot with an arrow by a centaur (4 damage)
             ... on level 4 of the Dungeon.
             The game lasted 00:06:50 (1880 turns).

snowfan the Magician (Deep Elf Wizard)              Turns: 1880, Time: 00:06:51

Health: 0/19       AC:  4    Str:  4    XL:     3   Next: 83%
Magic:  10/10      EV: 13    Int: 23    God:
Gold:   80         SH:  0    Dex: 13    Spells: 1 memorised, 9 levels left

rFire  . . .     SeeInvis .     h - +1 dagger (speed)
rCold  . . .     Gourm    .     a - +0 robe
rNeg   . . .     Faith    .     (no shield)
rPois  .         Spirit   .     b - +0 hat
rElec  .         Reflect  .     j - +0 cloak
rCorr  .         Harm     .     (no gloves)
MR     .....                    l - +0 pair of boots
Stlth  ++........               (no amulet)
                                (no ring)
                                (no ring)

@: no status effects
A: no striking features
a: no special abilities


You were on level 4 of the Dungeon.
You were hungry.

You visited 2 branches of the dungeon, and saw 4 of its levels.

You collected 80 gold pieces.

Inventory:

Hand Weapons
 h - a +1 dagger of speed (weapon)
Missiles
 g - 28 stones (quivered)
Armour
 a - a +0 robe (worn)
 b - a +0 hat (worn)
 j - a +0 cloak (worn)
 l - a +0 pair of boots (worn)
Jewellery
 p - an uncursed ring of see invisible {unknown}
Scrolls
 f - a scroll of magic mapping {unknown}
 k - a scroll of random uselessness {unknown}
 n - a scroll of identify {unknown}
Potions
 e - a potion of ambrosia {unknown}
 i - a potion of lignification {unknown}
 o - a potion of haste {unknown}
 q - a potion of berserk rage {unknown}
 r - a potion of heal wounds {unknown}
Books
 c - a book of Minor Magic

   Spells                             Type                      Level
   a - Magic Dart                     Conjuration                  1
   b - Blink                          Translocation                2
   c - Call Imp                       Summoning                    2
   d - Repel Missiles                 Charms/Air                   2
   e - Slow                           Hexes                        2
   f - Conjure Flame                  Conjuration/Fire             3
   g - Mephitic Cloud                 Conjuration/Poison/Air       3
Comestibles
 d - 3 bread rations
 m - 2 meat rations


   Skills:
 - Level 2.4 Dodging
 - Level 2.4 Stealth
 - Level 4.4 Spellcasting
 + Level 4.1 Conjurations
   Level 1.1 Summonings
   Level 1.1 Translocations


You had 9 spell levels left.
You knew the following spells:

 Your Spells              Type           Power        Failure   Level  Hunger
a - Magic Dart            Conj           ###.         1%          1    None


Dungeon Overview and Level Annotations

Branches:
Dungeon (4/15)             Temple (1/1) D:4

Altars:
Ashenzari
Elyvilon
Fedhas
Hepliaklqana
Makhleb
Nemelex Xobeh
Qazlal
Ru
Trog
Uskayaw
Vehumet
Xom
Yredelemnul
Zin


Message History

You now have 56 gold pieces (gained 5).
Found a robe.
Found a stone staircase leading up.
There is a stone staircase leading up here.
Found 24 gold pieces.
Found a pink potion.
Found a chain mail.
You now have 73 gold pieces (gained 17).
You now have 80 gold pieces (gained 7).
A centaur comes into view.
Found a stone staircase leading down.
The centaur shouts!
The centaur wields a shortbow.
The centaur shoots an arrow.
The arrow misses you.
The centaur shoots an arrow.
The arrow barely misses you.
The centaur shoots an arrow.
The arrow barely misses you.
The centaur shoots an arrow.
The arrow hits you!
Ouch! That really hurt!
* * * LOW HITPOINT WARNING * * *
The centaur shoots an arrow.
The arrow hits you.
You die...

... ... # .c
##.#.###
###..#.[.
#..!.....
....#.c#### #
#......###.#
.#.......@..#
.>.....((...####
...#.###....# .#
# #....## #..#.#
#..[.##
.....##..#####
##.## #....<.#
#. #.#.####


You could see a centaur.

Vanquished Creatures
  2 dart slugs (D:1)
  4 leopard geckos (D:1)
  A ball python (D:1)
  4 giant cockroaches (D:1)
  8 goblins
  7 hobgoblins
  7 jackals (D:1)
  2 bats (D:1)
  4 frilled lizards
  4 kobolds
  2 rats (D:1)
45 creatures vanquished.

Notes
Turn   | Place    | Note
-------+----------+-------------------------------------------
     0 | D:1      | snowfan the Deep Elf Wizard began the quest for the Orb.
     0 | D:1      | Reached XP level 1. HP: 10/10 MP: 7/7
   312 | D:1      | Reached XP level 2. HP: 15/15 MP: 7/9
   659 | D:1      | Reached XP level 3. HP: 19/19 MP: 5/10
  1515 | D:2      | Found a burning altar of Makhleb.
  1566 | D:2      | You fall through a shaft for 2 floors!
  1566 | D:4      | Found a staircase to the Ecumenical Temple.
  1571 | Temple   | Entered the Ecumenical Temple
  1874 | D:4      | Noticed a centaur
  1880 | D:4      | Shot with an arrow by a centaur

Skill      XL: |  1  2  3 |
---------------+----------+-----
Conjurations   | 2 3 4 |  4.1
Dodging        | |  2.4
Stealth        | |  2.4
Spellcasting   | |  4.4
Summonings     | |  1.1
Translocations | |  1.1

Action                   || total
-------------------------++-------
Melee: Unarmed           ||     8
       Dagger            ||    11
Throw: Stone             ||     9
 Cast: Magic Dart        ||    90
 Stab: Sleeping          ||     1
  Eat: Chunk             ||     2
Armor: Robe              ||    11
Dodge: Dodged            ||    38
